 Dungeon Crawl Stone Soup version 0.31-a0-236-g9a0961fb85 (webtiles) character file.

Game seed: 5393151985992920657

225 qw the Shooter (level 5, 0/45 HPs)
             Began as a Minotaur Hexslinger on July 10, 2023.
             Was an Initiate of Okawaru.
             Slain by an orc
             ... wielding a +0 heavy mace
              (6 damage)
             ... on level 4 of the Dungeon.
             The game lasted 00:00:44 (1971 turns).

qw the Shooter (Minotaur Hexslinger)                Turns: 1971, Time: 00:00:45

Health: 0/45       AC:  3    Str: 12    XL:     5   Next: 68%
Magic:  5/5        EV: 12    Int: 10    God:    Okawaru [......]
Gold:   168        SH:  0    Dex: 15    Spells: 5/6 levels left

rFire   . . .        Y - +2 sling
rCold   . . .        (no shield)
rNeg    . . .        g - +0 leather armour
rPois   .            (helmet restricted)
rElec   .            (no cloak)
rCorr   .            (no gloves)
SInv    .            (no boots)
Will    .....        (no amulet)
Stlth   +            (no ring)
HPRegen 0.27/turn    (no ring)
MPRegen 0.09/turn

%: no passive effects
@: about to teleport
A: horns 2, retaliatory headbutt
a: Renounce Religion


You were on level 4 of the Dungeon.
You worshipped Okawaru.
Okawaru was noncommittal.
You visited 1 branch of the dungeon, and saw 4 of its levels.

You collected 168 gold pieces.


Innate Abilities, Weirdness & Mutations

You have a pair of horns on your head.
You reflexively headbutt those who attack you in melee.


   Skills:
 + Level 3.2 Fighting
 - Level 6.0 Ranged Weapons
 - Level 2.1 Dodging
 - Level 1.0 Spellcasting
 - Level 2.0 Hexes


You had 5 spell levels left.
You knew the following spells:

 Your Spells              Type           Power      Damage    Failure   Level
a - Slow                  Hex            16%        N/A       19%         1

Your spell library contained the following spells:

 Spells                   Type           Power      Damage    Failure   Level
 Inner Flame              Hex/Fire       2%         N/A       65%         3
 Portal Projectile        Hex/Tloc       4%         N/A       65%         3
 Cause Fear               Hex            2%         N/A       88%         4

Inventory:

Hand Weapons
 Y - a +2 sling (weapon)
Armour
 f - a +0 ring mail
 g - a +0 leather armour (worn)
Scrolls
 b - a scroll of identify
 e - a scroll of vulnerability {unknown}
Potions
 c - a potion of magic
 d - a potion of mutation

Dungeon Overview and Level Annotations

Branches:
Dungeon (4/15)
 Temple: D:4-7

Altars:
Okawaru

Shops:
D:1 *


Message History

The orc shouts!
The sling bullet hits the ogre.
The ogre is severely wounded.
An orc comes into view. It is wielding a +0 flail.
An orc comes into view. It is wielding a +0 dagger of venom.
You shoot a sling bullet. The sling bullet hits the ogre!
The ogre is almost dead.
An orc comes into view. It is wielding a +0 club.
You shoot a sling bullet.
The sling bullet barely misses the ogre.
The sling bullet hits the orc.
The orc is heavily wounded.
The ogre hits you with a +0 giant club!!
You shoot a sling bullet. The sling bullet hits the ogre.
You kill the ogre!
Okawaru accepts your kill. The orc barely misses you.
You shoot a sling bullet. The sling bullet hits the orc.
You kill the orc!
Okawaru accepts your kill. The orc barely misses you. You furiously retaliate!
You headbutt the orc.
Your Ranged Weapons skill increases to level 6!
You shoot a sling bullet. The sling bullet barely misses the orc.
The sling bullet hits the orc.
The orc is lightly wounded.
An orc comes into view. It is wielding a +0 trident.
The orc hits you with a +0 heavy mace. The orc hits you with a +0 whip.
You shoot a sling bullet. The sling bullet barely misses the orc.
The sling bullet hits the orc.
The orc is moderately wounded.
The orc misses you. The orc hits you with a +0 whip.
The orc hits you with a +0 heavy mace. The orc hits you with a +0 flail!
The orc misses you. You furiously retaliate!
You headbutt the orc.
You kill the orc!
Okawaru accepts your kill.
1971 ||| READING scroll of teleportation.
As you read the scroll of teleportation, it crumbles to dust.
You feel strangely unstable. The orc barely misses you.
The orc hits you with a +0 heavy mace.
You die...

.........
#........
#........ #
#....%... #.
#........
#####.##........
......o#........
...o.oo@.## .
......o#..# .##
.......##.## ..#
####### #..##
#.# ##..## #.#
##..###.#
##..##.##
##.....#
.......###..###


You could see 5 orcs.

Vanquished Creatures
  An ogre (D:4)
  An iguana (D:4)
  3 adders
  3 gnolls (D:2)
  2 worms
  3 dart slugs
  3 orcs
  5 bats
  An endoplasm (D:1)
  5 goblins
  5 hobgoblins
  4 jackals (D:1)
  7 ball pythons
  A frilled lizard (D:3)
  3 kobolds (D:1)
  5 rats
52 creatures vanquished.

Notes
Turn   | Place    | Note
-------+----------+-------------------------------------------
     0 | D:1      | qw the Minotaur Hexslinger began the quest for the Orb.
     0 | D:1      | Reached XP level 1. HP: 16/16 MP: 1/1
     0 | D:1      | 0 ||| qw: Version: 0.3-a-51-g015441d
     0 | D:1      | 0 ||| qw: Game counter: 4475
     0 | D:1      | 0 ||| qw: Melee chars always use a shield: true
     0 | D:1      | 0 ||| qw: God list: Okawaru
     0 | D:1      | 0 ||| qw: Allow faded altars: false
     0 | D:1      | 0 ||| qw: Do Orc after clearing Dungeon:15 true
     0 | D:1      | 0 ||| qw: Do second Lair branch before Depths: true
     0 | D:1      | 0 ||| qw: Lair rune preference: random
     0 | D:1      | 0 ||| qw: Goals: Normal
     0 | D:1      | 0 ||| PLANNING D:1-11
   142 | D:1      | Reached skill level 3 in Ranged Weapons
   142 | D:1      | Reached XP level 2. HP: 23/23 MP: 2/2
   235 | D:1      | Found Hyaror's Assorted Antiques.
   243 | D:1      | 243 ||| SHOPLISTING 2 lumpy grey potions (43 gold, have 8).
   243 | D:1      | 243 ||| SHOPLISTING leather armour (48 gold, have 8).
   243 | D:1      | 243 ||| SHOPLISTING scintillating platinum ring (120 gold,
                  | have 8).
   243 | D:1      | 243 ||| SHOPLISTING scroll labelled BEAMOM XUMOIFFINAU (24
                  | gold, have 8).
   243 | D:1      | 243 ||| SHOPLISTING scroll labelled HONULY IROCA (24 gold,
                  | have 8).
   243 | D:1      | 243 ||| SHOPLISTING scroll labelled HOUT ECEMAWN (24 gold,
                  | have 8).
   243 | D:1      | 243 ||| SHOPLISTING scroll labelled WARCHA SIORCHO (24
                  | gold, have 8).
   599 | D:1      | 599 ||| UPGRADING to +0 leather armour.
   609 | D:1      | 609 ||| DROPPING +0 robe.
   610 | D:1      | 610 ||| READING scroll labelled NUINOI KERRAR.
   611 | D:1      | 611 ||| READING scroll labelled UNLOIR SIG.
   612 | D:1      | 612 ||| READING scroll labelled HONULY IROCA.
   613 | D:1      | 613 ||| READING scroll labelled AJIRAS YLETEU.
   617 | D:1      | 617 ||| READING scroll labelled HOUT ECEMAWN.
   618 | D:1      | 618 ||| DROPPING scroll of poison.
   650 | D:2      | Reached XP level 3. HP: 27/29 MP: 3/3
   671 | D:2      | 671 ||| Stepping ~*~*~tactically~*~*~ (outnumbered).
   676 | D:2      | Reached skill level 4 in Ranged Weapons
   823 | D:2      | Reached XP level 4. HP: 36/36 MP: 4/4
   950 | D:2      | Found a faded altar of an unknown god.
  1146 | D:2      | Found an iron altar of Okawaru.
  1147 | D:2      | 1147 ||| PLANNING OKAWARU WORSHIP
  1154 | D:2      | Became a worshipper of Warmaster Okawaru
  1155 | D:2      | 1155 ||| PLANNING D:1-11
  1556 | D:3      | Reached skill level 5 in Ranged Weapons
  1813 | D:3      | 1813 ||| READING 3 scrolls labelled LEHATONT XICOM.
  1814 | D:3      | 1814 ||| READING 3 scrolls of identify.
  1814 | D:3      | 1814 ||| IDENTIFYING metallic purple potion
  1815 | D:3      | 1815 ||| READING 2 scrolls of identify.
  1815 | D:3      | 1815 ||| IDENTIFYING fizzy red potion
  1816 | D:3      | 1816 ||| DROPPING 2 scrolls of fog.
  1900 | D:4      | Reached skill level 3 in Fighting
  1958 | D:4      | Reached XP level 5. HP: 45/45 MP: 5/5
  1960 | D:4      | Noticed an ogre
  1967 | D:4      | Killed an ogre
  1969 | D:4      | Reached skill level 6 in Ranged Weapons
  1970 | D:4      | HP: 6/45 [orc/+0 flail (8)]
  1971 | D:4      | 1971 ||| READING scroll of teleportation.
  1971 | D:4      | Slain by an orc

Levels and vault maps discovered:
D:1:      dpeg_arrival_fog, layout_loops_ring, serial_shops, shop
D:2:      layout_loops_ring, basic_altar, dreamdust_ecumenical_altar_grove,
          st_stairs_9
D:3:      layout_loops_cross
D:4:      layout_basic

Skill      XL: |  1  2  3  4  5 |
---------------+----------------+-----
Ranged Weapons | 3 4 5 6 |  6.0
Fighting       | 2 3 |  3.2
Dodging        | |  2.1
Spellcasting   | |  1.0
Hexes          | |  2.0

Action                     |  1- 3 |  4- 6 || total
---------------------------+-------+-------++-------
   Fire: Sling             |    84 |    66 ||   150
    Use: Scroll            |     5 |     4 ||     9
 Armour: Robe              |     2 |       ||     2
         Leather armour    |     1 |     2 ||     3
  Dodge: Dodged            |    17 |    13 ||    30

Table legend:
 A = Non-vault XP
 B = Vault XP
 C = Vault XP percentage of total XP
 D = Non-vault monster count
 E = Vault monster count
 F = Vault count percentage of total count
                 A         B        C        D         E       F
            +---------+---------+-------+---------+---------+-------
      Total |     315 |       7 |   2.2 |      49 |       3 |   5.8
            +---------+---------+-------+---------+---------+-------
        D:1 |      35 |       0 |   0.0 |      20 |       0 |   0.0
        D:2 |      87 |       7 |   7.4 |      15 |       3 |  16.7
        D:3 |      27 |       0 |   0.0 |       8 |       0 |   0.0
        D:4 |     166 |       0 |   0.0 |       6 |       0 |   0.0
            +---------+---------+-------+---------+---------+-------
